 Dungeon Crawl Stone Soup version 0.31-a0-331-geda263fcf1 (webtiles) character file.

Game seed: 1990500478431297727

174377 juan097 the Severer (level 17, -7/255 HPs)
             Began as a Minotaur Berserker on July 19, 2023.
             Was a High Priest of Trog.
             Killed from afar by Bai Suzhen (25 damage)
             ... with a torrent of water
             ... on level 3 of the Swamp.
             The game lasted 01:27:59 (28046 turns).

juan097 the Severer (Minotaur Berserker)           Turns: 28046, Time: 01:28:00

Health: -7/255     AC: 19    Str: 31    XL:     17   Next: 45%
Magic:  16/16      EV: 20    Int:  4    God:    Trog [*****.]
Gold:   313        SH:  0    Dex: 12    Spells: 16/16 levels left

rFire   + . .        w - +2 battleaxe (flame)
rCold   . . .        (shield currently unavailable)
rNeg    + . .        x - +4 ring mail of Xerphigim {rElec rC- rN+ rCorr}
rPois   +            S - +2 hat
rElec   +            Y - scarf {rC+ rF+}
rCorr   +            r - +1 pair of gloves
SInv    .            O - +0 pair of boots {Fly}
Will    +....        h - amulet of regeneration Stlth
                     V - ring "Zanimm" {EV+5 Str+3}
HPRegen 1.42/turn    c - ring of poison resistance {=R}
MPRegen 0.15/turn

%: no passive effects
@: berserking, flying, very quick
A: horns 2, retaliatory headbutt
a: Renounce Religion, Berserk, Trog's Hand, Brothers in Arms


You were on level 3 of the Swamp.
You worshipped Trog.
Trog was extremely pleased with you.
You visited 4 branches of the dungeon, and saw 25 of its levels.
You visited the Abyss 1 time.
You visited 1 bazaar.
You also visited: Ice Cave and Volcano.

You collected 3756 gold pieces.
You spent 3443 gold pieces at shops.

Inventory:

Hand Weapons
 a - the +8 frozen axe "Frostbite" {freeze, freezing cloud, *Noise Fly rC+}
   (Trog gifted it to you on level 1 of the Orcish Mines)

   rC:        It protects you from cold.
   Fly:       It grants you flight.
   *Noise:    It may make noises in combat.
 b - a +3 longbow of freezing
 w - a +2 battleaxe of flaming (weapon)
Missiles
 o - 13 boomerangs (quivered)
 C - 27 poisoned darts
 F - 8 curare-tipped darts
 T - 10 javelins
 W - 5 silver boomerangs
Armour
 r - a +1 pair of gloves (worn)
 x - the +4 ring mail of Xerphigim (worn) {rElec rC- rN+ rCorr}
   (You found it on level 2 of the Dungeon)

   rC:        It makes you vulnerable to cold.
   rElec:     It insulates you from electricity.
   rN:        It protects you from negative energy.
   rCorr:     It protects you from acid and corrosion.
 O - a +0 pair of boots of flying (worn)
 S - a +2 hat (worn)
 Y - a scarf of resistance (worn)
Jewellery
 c - a ring of poison resistance (right hand) {=R}
 h - an amulet of regeneration (around neck)
 D - a ring of see invisible
 E - a ring of protection from fire
 H - a ring of ice
 V - the ring "Zanimm" (left hand) {EV+5 Str+3}
   (You bought it in a shop on level 2 of the Orcish Mines)

   [ring of evasion]

   EV:        It affects your evasion (+5).
   Str:       It affects your strength (+3).
Wands
 v - a wand of light (12)
 z - a wand of roots (41)
 N - a wand of digging (16)
 Z - a wand of flame (72)
Scrolls
 d - 10 scrolls of teleportation
 f - 3 scrolls of enchant armour
 i - 2 scrolls of butterflies {unknown}
 j - a scroll of brand weapon {unknown}
 m - 3 scrolls of fear
 s - 2 scrolls of fog
 y - 4 scrolls of poison
 B - 3 scrolls of revelation
 R - 2 scrolls of silence
 U - 3 scrolls of enchant weapon
 X - 5 scrolls of blinking
Potions
 e - 6 potions of mutation {unknown}
 k - 3 potions of enlightenment {unknown}
 l - 4 potions of berserk rage
 n - 9 potions of heal wounds
 p - 3 potions of curing
 q - a potion of ambrosia {unknown}
 u - a potion of magic {unknown}
 A - 3 potions of resistance {unknown}
 G - 2 potions of haste
 I - 5 potions of lignification {unknown}
 J - 2 potions of attraction
 K - 4 potions of cancellation {unknown}
 L - 3 potions of invisibility
 M - 7 potions of might
Miscellaneous
 t - a box of beasts (inert)
 P - a lightning rod (4/4)
 Q - a phial of floods


   Skills:
 - Level 20.0 Fighting
 - Level 20.0 Axes
 + Level 5.1 Ranged Weapons
 - Level 8.0 Throwing
 + Level 16.3 Armour
 + Level 10.4 Dodging
 - Level 8.0 Stealth
 - Level 8.0 Evocations


You had 16 spell levels left.
You didn't know any spells.
Your spell library contained the following spells:

 Spells                   Type           Power      Damage    Failure   Level
 Foxfire                  Conj/Fire      0%         2x1d4     56%         1
 Freeze                   Ice            0%         1d3       56%         1
 Cigotuvi's Dreadful Rot  Necr/Pois/Air  0%         N/A       71%         2
 Ensorcelled Hibernation  Hex/Ice        0%         N/A       71%         2
 Dazzling Flash           Conj/Hex       0%         N/A       91%         3
 Frozen Ramparts          Ice            0%         1d1       91%         3
 Ozocubu's Armour         Ice            0%         N/A       91%         3
 Volatile Blastmotes      Fire/Tloc      0%         2d10      91%         3
 Animate Dead             Necr           0%         N/A       100%        4
 Arcjolt                  Conj/Air       0%         1d10      100%        5
 Simulacrum               Ice/Necr       0%         N/A       100%        6
 Starburst                Conj/Fire      0%         6d3       100%        6
 Ozocubu's Refrigeration  Ice            0%         4d7       100%        7
 Spellforged Servitor     Conj/Summ      0%         N/A       100%        7
 Borgnjor's Revivificati  Necr           0%         N/A       100%        8
 Maxwell's Capacitive Co  Air            0%         ∞         100%        8
 Polar Vortex             Ice            0%         N/A       100%        9


Dungeon Overview and Level Annotations

Branches:
Dungeon (15/15)            Temple (0/1) D:7            Lair (5/5) D:9
  Swamp (3/4) Lair:2       Spider (0/4) Lair:2        Slime (0/5) Lair:4
    Orc (2/2) D:9             Elf (0/3) Orc:2        Vaults (0/5) D:14
 Depths (0/4) D:15          IceCv (visited)         Volcano (visited)

Altars:
Cheibriados
Dithmenos
Fedhas
Makhleb
Okawaru
Qazlal
Trog
Xom
Yredelemnul
Jiyva

Shops:
D:3 !   D:4 *((   D:6 !   D:7 (   D:9 [   D:15 ==   Orc:2 :==[

Portals:
Hell: Lair:5

Annotations:
D:8 Gastronok
D:10 3 runed translucent doors, Palms's ghost, journeyman SpHs
Swamp:3 Bai Suzhen


Innate Abilities, Weirdness & Mutations

You have a pair of horns on your head.
You reflexively headbutt those who attack you in melee.


Message History

The seven-headed hydra barely misses you.
The seven-headed hydra closely misses you.
The seven-headed hydra misses you.
You hit Bai Suzhen but do no damage.
Bai Suzhen is severely wounded.
You hack one of the seven-headed hydra's heads off!
The flame cauterises the wound!
You slash the six-headed hydra! You burn the six-headed hydra.
The six-headed hydra disappears in a puff of smoke!
Bai Suzhen bites you.
* * * LOW HITPOINT WARNING * * *
Bai Suzhen claws you but does no damage.
Bai Suzhen tramples you but does no damage.
Your mature weirdsting beast is engulfed in a thunderstorm.
Your mature weirdsting beast barely misses Bai Suzhen.
Your mature weirdsting beast stings Bai Suzhen.
You barely miss Bai Suzhen. You headbutt Bai Suzhen.
Bai Suzhen is severely wounded.
The goliath frog hits your mature weirdsting beast.
Your mature weirdsting beast is splashed with acid.
You hit Bai Suzhen but do no damage.
Bai Suzhen is severely wounded.
Bai Suzhen closely misses you.
Bai Suzhen claws you but does no damage.
Bai Suzhen tramples you but does no damage.
Your mature weirdsting beast is engulfed in a thunderstorm.
Your mature weirdsting beast dies!
Your mature weirdsting beast's corpse disappears in a puff of smoke!
You slash Bai Suzhen! You burn Bai Suzhen!
Bai Suzhen is almost dead.
You are engulfed in a thunderstorm.
You resist.
* * * LOW HITPOINT WARNING * * *
You barely miss Bai Suzhen.
You headbutt Bai Suzhen, but do no damage.
Bai Suzhen is almost dead.
You are engulfed in a thunderstorm.
You resist.
* * * LOW HITPOINT WARNING * * *
Bai Suzhen breathes water at you. The torrent of water hits you!!
You die...

~♣♣~....~♣
.~..~~~~~♣♣♣~♣ ....♣♣§
~.~~~~~~~♣♣~..♣♣♣~~~~.~§
.~~~~§~~.♣♣.~~.~~~~~~~~.
..~~~~~~~♣♣.~~~~~.~§~~~~
~~~~~~~.♣♣ ♣.~~~....~~~~
~~~~§~~.♣ ♣~.~.....~~~.
~~~~~~..♣ ♣~~~.§§§~~...
.~~~~..♣♣ ♣♣..♣.@D§F~~..
.~~.~.~♣ ♣♣~..~§§.§~~.~~
~~~♣♣♣♣♣♣♣~§~..~§§~~..~♣
~...♣ ♣♣..~~~~~~§~§...~
....♣ ♣......§~~~~~.♣♣~♣
.~~♣♣ ♣..~♣♣♣♣.~~..[♣♣ ♣
§~~♣♣ ♣♣♣♣♣ ♣♣.[~..§♣
....♣ ♣♣~.♣ ♣♣>~~~.~♣
...~♣♣♣~~♣♣ ♣~.~~~~♣♣


You could see Bai Suzhen (clouds, extremely poisoned, catching breath) and a
goliath frog.

Vanquished Creatures
  A lich (IceCv)
  A tentacled starspawn (Abyss:2)
  A thorn hunter (Swamp:1)
  Kirke (D:14)
  4 fenstrider witches
  A very ugly thing (IceCv)
  2 eleionomae (Swamp:1)
  3 bunyips
  2 ettins
  Josephine (Orc:1)
  2 shambling mangroves
  16 hydras
  2 caustic shrike simulacra (IceCv)
  An ice dragon (Swamp:1)
  A vault guard (D:14)
  3 ogre magi
  A hell beast (Lair:5)
  9 boulder beetles
  22 two-headed ogres
  4 alligators
  2 centaur warriors (D:13)
  13 death yaks
  Urug (D:11)
  A thrashing horror (Abyss:2)
  A hell knight (Volcano)
  Sonja (Orc:2)
  A sun demon (Volcano)
  5 skysharks
  2 goliath frogs (Swamp:1)
  2 spriggan druids
  A swamp dragon (Swamp:2)
  6 bog bodies
  5 lindwurms
  3 wizards
  3 spriggan simulacra (IceCv)
  A necromancer (IceCv)
  4 deep trolls
  An obsidian statue (IceCv)
  An orc knight (D:15)
  A wolf spider (Lair:2)
  3 deep elf pyromancers
  15 ugly things (D:15)
  5 cyclopes
  A will-o-the-wisp (Abyss:2)
  4 manticores
  2 orc sorcerers (Orc:2)
  29 elephants
  2 torpor snails
  3 centaur zombies (D:11)
  2 orange demons (Lair:5)
  2 molten gargoyles
  2 rust devils
  A smoke demon (D:12)
  Maurice (Orc:2)
  4 gargoyles
  4 black mambas
  14 cane toads
  16 komodo dragons
  An efreet (D:15)
  Psyche (D:9)
  An unseen horror (D:12)
  9 rime drakes
  4 kobold demonologists
  13 freezing wraiths (IceCv)
  16 trolls
  2 golden dragon simulacra (IceCv)
  An ancient zyme (Abyss:2)
  4 ice devils
  4 anaconda simulacra (IceCv)
  4 meliai
  4 red devils
  3 polar bears
  4 raiju (Abyss:2)
  A hornet (shapeshifter) (D:15)
  Grinder (D:3)
  3 hellwings
  4 tyrant leeches (Swamp:1)
  10 hornets
  11 blink frogs
  10 dream sheep
  Sigmund (D:6)
  2 centaur simulacra
  A jumping spider (shapeshifter) (D:15)
  11 spriggans
  A vampire (D:11)
  17 slime creatures
  44 yaks
  6 wyverns
  3 shadows (D:11)
  5 basilisks
  A water elemental (D:14)
  12 wraiths
  2 hogs (D:14)
  10 humans (D:14)
  4 starcursed masses (Abyss:2)
  2 fire bats (Volcano)
  3 dire elephant simulacra (IceCv)
  3 redbacks (Lair:2)
  8 vampire mosquitoes
  A neqoxec (Abyss:2)
  8 swamp worms
  A warg (Orc:1)
  4 harpy simulacra
  An acid dragon (D:11)
  11 water moccasins
  7 hell hounds
  A hydra simulacrum (IceCv)
  2 large abominations (Abyss:2)
  13 orc warriors
  A swamp drake (Swamp:2)
  A sky beast (D:7)
  A black bear (Lair:4)
  2 alligator simulacra (IceCv)
  An ettin simulacrum (IceCv)
  21 ogres
  12 wolves
  18 centaurs
  5 boggarts (D:15)
  A phantom (D:7)
  4 kobold brigands
  12 bullfrogs
  2 gnoll sergeants
  A deep troll simulacrum (IceCv)
  4 scorpions
  6 lindwurm simulacra (IceCv)
  6 killer bees (Lair:2)
  3 small abominations (Abyss:2)
  A howler monkey (D:12)
  9 lava snakes
  9 orc priests
  2 jellies
  4 hounds
  Ijyb (D:5)
  Terence (D:3)
  5 iguanas
  17 orc wizards
  A mummy (D:9)
  Robin (D:3)
  8 gnolls
  3 adders
  A shadow imp (D:7)
  3 white imps
  2 worms
  62 orcs
  7 bats
  6 endoplasms
  7 giant cockroaches
  15 goblins
  10 hobgoblins
  2 jackals (D:1)
  9 kobolds
  4 quokkas
  7 ball pythons
  3 frilled lizards (D:2)
  4 rats
844 creatures vanquished.

Vanquished Creatures (collateral kills)
  A hydra (Lair:2)
  A swamp worm (Swamp:3)
2 creatures vanquished.

Vanquished Creatures (others)
  A wizard (D:15)
  A bloated husk (Swamp:1)
  A human (D:14)
  2 starspawn tentacles (Abyss:2)
5 creatures vanquished.

Grand Total: 851 creatures vanquished

Notes
Turn   | Place    | Note
-------+----------+-------------------------------------------
     0 | D:1      | juan097 the Minotaur Berserker began the quest for the Orb.
     0 | D:1      | Reached XP level 1. HP: 19/19 MP: 0/0
    97 | D:1      | You fall into a shaft and drop 1 floor!
   215 | D:1      | Reached XP level 2. HP: 27/27 MP: 1/1
   804 | D:2      | Identified the +4 ring mail of Xerphigim {rElec rC- rN+
                  | rCorr}
   880 | D:2      | Reached XP level 3. HP: 33/33 MP: 2/2
   980 | D:2      | Reached ** piety under Trog
  1565 | D:3      | Noticed Terence
  1575 | D:3      | Killed Terence
  1576 | D:3      | Reached XP level 4. HP: 36/40 MP: 3/3
  1599 | D:3      | Found a blossoming altar of Fedhas.
  1633 | D:3      | Noticed Robin
  1698 | D:3      | Found Weej's Distillery.
  1718 | D:3      | Killed Robin
  1719 | D:3      | Reached skill level 5 in Axes
  1780 | D:3      | Bought a potion of curing for 33 gold pieces
  1780 | D:3      | Bought a potion of heal wounds for 55 gold pieces
  1780 | D:3      | Bought a potion of degeneration for 11 gold pieces
  1797 | D:3      | Noticed Grinder
  1829 | D:3      | Killed Grinder
  1830 | D:3      | Reached skill level 5 in Fighting
  1830 | D:3      | Reached XP level 5. HP: 34/48 MP: 4/4
  1830 | D:3      | Reached XP level 6. HP: 39/56 MP: 5/5
  2413 | D:4      | Found Cazoma's Assorted Antiques.
  2539 | D:4      | Found Hamem's Antique Weapon Boutique.
  2563 | D:4      | Found Qapih's Antique Weapon Emporium.
  2606 | D:4      | Reached *** piety under Trog
  2630 | D:4      | Reached skill level 1 in Stealth
  2772 | D:4      | Found a shadowy altar of Dithmenos.
  2832 | D:4      | Reached XP level 7. HP: 53/62 MP: 6/6
  2923 | D:4      | Bought a yellow potion for 25 gold pieces
  2923 | D:4      | Bought a scroll labelled YROAMN NANLE for 28 gold pieces
  2923 | D:4      | Bought a scroll labelled IJOUCI PIGUIG for 28 gold pieces
  3002 | D:5      | Entered Level 5 of the Dungeon
  3184 | D:5      | Noticed a two-headed ogre
  3318 | D:5      | Reached skill level 1 in Throwing
  3607 | D:5      | Noticed Ijyb
  3623 | D:5      | Killed Ijyb
  4576 | D:6      | Noticed Sigmund
  4586 | D:6      | Killed Sigmund
  4587 | D:6      | Reached XP level 8. HP: 70/70 MP: 7/7
  4943 | D:4      | Bought a scroll labelled FYNESI SIMA for 28 gold pieces
  4943 | D:4      | Bought a scroll labelled FYNESI SIMA for 28 gold pieces
  4943 | D:4      | Bought a scroll labelled FYNESI SIMA for 28 gold pieces
  4967 | D:5      | Killed a two-headed ogre
  4968 | D:5      | Reached skill level 10 in Axes
  5212 | D:6      | Found Dettirch's Distillery.
  5218 | D:6      | Bought a potion of attraction for 33 gold pieces
  5414 | D:7      | Reached XP level 9. HP: 72/75 MP: 8/8
  5419 | D:7      | Found a staircase to the Ecumenical Temple.
  5771 | D:7      | Reached **** piety under Trog
  5883 | D:7      | Found Woptupn's Weapon Emporium.
  7061 | D:8      | Noticed Gastronok
  7320 | D:8      | Reached skill level 1 in Ranged Weapons
  7361 | D:8      | Noticed a manticore
  7376 | D:8      | Killed a manticore
  7704 | D:8      | Reached skill level 5 in Armour
  8072 | D:9      | Noticed a troll
  8073 | D:9      | Noticed Psyche
  8075 | D:9      | Reached XP level 10. HP: 86/86 MP: 9/9
  8094 | D:9      | Killed Psyche
  8178 | D:9      | Found a staircase to the Orcish Mines.
  8210 | D:9      | Found a snail-covered altar of Cheibriados.
  8315 | D:9      | Found Wakopt's Antique Armour Shoppe.
  8318 | D:9      | Bought a pair of runed gloves for 232 gold pieces
  8372 | D:9      | Reached skill level 5 in Dodging
  8711 | D:9      | Found a staircase to the Lair.
  8904 | Lair:1   | Entered Level 1 of the Lair of Beasts
  8904 | Lair:1   | Noticed a cane toad
  8933 | Lair:1   | Killed a cane toad
  9102 | Lair:1   | Noticed a cane toad
  9117 | Lair:1   | Killed a cane toad
  9261 | Lair:1   | Noticed a cane toad
  9268 | Lair:1   | Noticed a cane toad
  9280 | Lair:1   | Killed a cane toad
  9281 | Lair:1   | Reached XP level 11. HP: 77/94 MP: 10/10
  9313 | Lair:1   | Reached skill level 15 in Axes
 10243 | Lair:2   | Found a staircase to the Swamp.
 10396 | Lair:2   | Noticed a six-headed hydra
 10403 | Lair:2   | Killed a six-headed hydra
 10460 | Lair:2   | Found a hole to the Spider Nest.
 10537 | Lair:2   | Found a dark tunnel.
 10732 | Volcano  | Entered a volcano
 10986 | Volcano  | Found a bloodstained altar of Trog.
 10986 | Volcano  | Noticed a sun demon
 11001 | Volcano  | Killed a sun demon
 11095 | Volcano  | Noticed a hell knight
 11111 | Volcano  | Killed a hell knight
 11112 | Volcano  | Reached XP level 12. HP: 80/106 MP: 11/11
 11375 | Volcano  | Reached skill level 10 in Fighting
 11375 | Volcano  | Reached skill level 10 in Armour
 11714 | Lair:2   | Found a runed translucent door.
 11847 | Lair:2   | Noticed a six-headed hydra
 11965 | Orc:1    | Entered Level 1 of the Orcish Mines
 12087 | Orc:2    | Entered Level 2 of the Orcish Mines
 12157 | Orc:2    | Found Duxega's Book Emporium.
 12158 | Orc:2    | Noticed a two-headed ogre
 12258 | Orc:1    | Reached ***** piety under Trog
 12320 | Orc:2    | Killed a two-headed ogre
 12553 | Orc:2    | Noticed an ogre mage
 12557 | Orc:2    | Noticed a two-headed ogre
 12569 | Orc:2    | Killed an ogre mage
 12571 | Orc:2    | Killed a two-headed ogre
 12624 | Orc:2    | Noticed Sonja
 12635 | Orc:2    | Killed Sonja
 12643 | Orc:2    | Reached skill level 1 in Evocations
 12778 | Orc:2    | Noticed an ogre mage
 12797 | Orc:2    | Killed an ogre mage
 12799 | Orc:2    | Noticed a two-headed ogre
 12803 | Orc:2    | Noticed Josephine
 12878 | Orc:1    | Killed a two-headed ogre
 13046 | Orc:1    | Killed Josephine
 13472 | Orc:1    | Noticed an ettin
 13486 | Orc:1    | Paralysed by an orc sorcerer for 4 turns
 13502 | Orc:2    | Noticed a two-headed ogre
 13625 | Orc:2    | Noticed a two-headed ogre
 13632 | Orc:1    | Killed a two-headed ogre
 13739 | Orc:2    | Noticed a two-headed ogre
 13745 | Orc:1    | Killed a two-headed ogre
 13745 | Orc:1    | Received a gift from Trog
 13745 | Orc:1    | Found the +8 frozen axe "Frostbite" {freeze, freezing
                  | cloud, *Noise Fly rC+}
 13746 | Orc:1    | Reached XP level 13. HP: 101/118 MP: 12/12
 13891 | Orc:2    | Found a staircase to the Elven Halls.
 13968 | Orc:2    | Reached skill level 5 in Throwing
 14166 | Orc:2    | Found Vuqyngas's Jewellery Emporium.
 14167 | Orc:2    | Found Pis Paho's Armour Boutique.
 14177 | Orc:2    | Found Nuilist's Jewellery Shoppe.
 14259 | Orc:2    | Noticed Maurice
 14271 | Orc:2    | Paralysed by Maurice for 5 turns
 14280 | Orc:2    | Killed Maurice
 14281 | Orc:2    | Reached skill level 5 in Evocations
 14687 | Orc:1    | Killed an ettin
 14858 | Orc:1    | Found a bloodstained altar of Trog.
 14976 | Orc:2    | Bought an amulet of regeneration for 330 gold pieces
 15127 | D:4      | Bought a wooden ring for 140 gold pieces
 15156 | D:3      | Bought a potion of invisibility for 88 gold pieces
 15226 | D:6      | Bought a potion of haste for 110 gold pieces
 15226 | D:6      | Bought 2 potions of might for 88 gold pieces
 15226 | D:6      | Bought a potion of berserk rage for 55 gold pieces
 15887 | Lair:2   | Identified the +1 whip of Luussuf {holy, rF+ rC+ Str-4
                  | SInv}
 15891 | Lair:2   | Found a runed translucent gate.
 15891 | Lair:2   | Found a runed translucent gate.
 15891 | Lair:2   | Found a runed translucent gate.
 15891 | Lair:2   | Found a runed translucent gate.
 15892 | Lair:2   | Found a runed translucent gate.
 15894 | Lair:2   | Found a runed translucent gate.
 16434 | Lair:3   | Reached XP level 14. HP: 79/130 MP: 13/13
 16639 | Lair:2   | Received a gift from Trog
 17889 | Lair:4   | Found a staircase to the Slime Pits.
 17890 | Lair:4   | Found a viscous altar of Jiyva.
 18204 | Lair:5   | Entered Level 5 of the Lair of Beasts
 18396 | Lair:5   | Reached skill level 15 in Fighting
 18729 | Lair:5   | Received a gift from Trog
 18761 | Lair:5   | Reached XP level 15. HP: 137/144 MP: 14/14
 19184 | Lair:5   | Found a burning altar of Makhleb.
 19586 | Lair:5   | Found a gateway to Hell.
 19824 | D:10     | Entered Level 10 of the Dungeon
 19826 | D:10     | Found a stormy altar of Qazlal.
 19939 | D:10     | Found a basalt altar of Yredelemnul.
 20299 | D:10     | Found a runed translucent gate.
 20299 | D:10     | Found a runed translucent gate.
 20300 | D:10     | Found a runed translucent gate.
 20300 | D:10     | Noticed Palms's ghost (journeyman SpHs)
 20722 | D:11     | Received a gift from Trog
 20938 | D:11     | Identified the +0 robe of Temperance {rN+ Stlth+ Archmagi}
 20950 | D:11     | Identified the staff "Ysulo" {rF+ Int+4 Stlth+ Conj}
 21164 | D:11     | Noticed Urug
 21170 | D:11     | Killed Urug
 21516 | D:12     | Reached skill level 10 in Dodging
 22084 | D:13     | Reached ****** piety under Trog
 22104 | D:13     | Received a gift from Trog
 22311 | D:13     | Identified a scroll of acquirement
 22794 | D:14     | Reached XP level 16. HP: 156/156 MP: 15/15
 22980 | D:14     | Noticed Kirke
 22986 | D:14     | Killed Kirke
 23147 | D:14     | Found a gate to the Vaults.
 23405 | D:15     | Entered Level 15 of the Dungeon
 23431 | D:15     | Found a flickering gateway to a bazaar.
 23446 | Bazaar   | Entered a bazaar
 23450 | Bazaar   | Found Cubro's Antique Armour Boutique.
 23472 | Bazaar   | Found Zumall's Antique Armour Emporium.
 23493 | Bazaar   | Found Wisia's Antique Weapon Boutique.
 23513 | Bazaar   | Found Gof Sew's Antique Weapon Shoppe.
 23557 | Bazaar   | Bought a pair of runed gloves for 127 gold pieces
 23586 | Bazaar   | Bought a glowing plate armour for 598 gold pieces
 23586 | Bazaar   | Bought a runed scale mail for 161 gold pieces
 23601 | Bazaar   | Bought a runed scale mail for 119 gold pieces
 23601 | Bazaar   | Bought a shiny scale mail for 119 gold pieces
 23601 | Bazaar   | Bought a shiny scale mail for 119 gold pieces
 23632 | D:15     | Found Zyinuyta's Jewellery Boutique.
 23758 | D:15     | Received a gift from Trog
 23766 | D:15     | Found an iron altar of Okawaru.
 23881 | D:15     | Found a shimmering altar of Xom.
 23885 | D:15     | Reached skill level 15 in Armour
 23921 | D:15     | Found Zybrutog's Jewellery Emporium.
 24273 | D:15     | Found a shimmering altar of Xom.
 24275 | D:15     | Found a shimmering altar of Xom.
 24277 | D:15     | Found a shimmering altar of Xom.
 24277 | D:15     | Found a shimmering altar of Xom.
 24277 | D:15     | Found a shimmering altar of Xom.
 24278 | D:15     | Found a shimmering altar of Xom.
 24311 | Abyss:2  | Cast into level 2 of the Abyss (a wizard)
 24320 | Abyss:2  | Found a corrupted altar of Lugonu.
 24370 | Abyss:2  | Noticed a tentacled starspawn
 24381 | Abyss:2  | Killed a tentacled starspawn
 24513 | Abyss:2  | Reached skill level 5 in Stealth
 24529 | Abyss:2  | Noticed an Executioner
 24529 | Abyss:2  | Noticed a bone dragon
 24623 | D:15     | Escaped the Abyss
 24702 | D:15     | Found a staircase to the Depths.
 24945 | D:15     | Acquired 753 gold pieces
 24999 | D:15     | Bought a ring of poison resistance for 220 gold pieces
 25181 | Orc:2    | Bought the ring "Zanimm" {EV+5 Str+3} for 640 gold pieces
 25302 | Swamp:1  | Entered Level 1 of the Swamp
 25302 | Swamp:1  | Noticed a thorn hunter
 25310 | Swamp:1  | Killed a thorn hunter
 25314 | Swamp:1  | Found a frozen archway.
 25424 | IceCv    | Entered an ice cave
 25439 | IceCv    | Received a gift from Trog
 25788 | IceCv    | Found an ancient bone altar of Kikubaaqudgha.
 25994 | IceCv    | Noticed a lich
 26011 | IceCv    | Killed a lich
 26012 | IceCv    | Reached XP level 17. HP: 133/166 MP: 16/16
 26256 | IceCv    | Got the Tome of the Radiant Chill
 26300 | IceCv    | Got the Spellbook of Creeping Firn
 26929 | Swamp:2  | Received a gift from Trog
 27950 | Swamp:3  | Reached skill level 5 in Ranged Weapons
 28019 | Swamp:3  | Noticed Bai Suzhen
 28046 | Swamp:3  | Killed from afar by Bai Suzhen

Illustrated notes

Levels and vault maps discovered:
D:1:      dpeg_arrival_prison, layout_basic, st_stairs_8
D:2:      minmay_diamond_boxcup, layout_basic
D:3:      layout_loops_ring, lemuel_coloured_pillars_altar, serial_shops, shop,
          uniq_robin, uniq_terence, uniq_grinder
D:4:      layout_basic, grunt_dithmenos_smoke, serial_shops,
          nicolae_shop_tiny_glass, shop, nicolae_shop_trees
D:5:      layout_loops_cross, hangedman_glass_teeth, uniq_ijyb
D:6:      layout_basic, serial_shops, shop, uniq_sigmund
D:7:      layout_layer_cave, minmay_temple_entry_statues_pillars, serial_shops,
          nicolae_shop_bloodbath_and_beyond, minmay_misc_feat_enclosed,
          minmay_misc_feat_square
D:8:      layout_basic, minivault_21, feat_on_display, uniq_gastronok
D:9:      layout_loops_ring, chei_slow_surprise, david_lair_generic,
          orc_0_dummy, serial_shops, kennysheep_mini_moat, uniq_psyche
D:10:     layout_basic, mainiacjoe_overflow_catch_the_wave, serial_curves,
          eino_curves_04, eino_curves_04, gammafunk_ghost_split,
          hangedman_decor_diamond_cutter
D:11:     layout_irregular_city, serial_undead, serial_undead_c,
          serial_undead_c, serial_undead_e, serial_undead_f,
          minmay_lindwurm_lava, uniq_urug
D:12:     layout_roguey, nicolae_where_there's_smoke
D:13:     layout_small_grid
D:14:     layout_gridville, ximxim_vaults_locker_room, dk_noncrumbling_4,
          serial_ice, serial_ice_k, serial_ice_n, serial_ice_e, serial_ice_c,
          uniq_kirke
D:15:     hangedman_depths_entry_civil_slaughter, layout_long_grid,
          serial_shops, bzr_in_the_mist, nicolae_shop_statue_plus, shop,
          okawaru_trees_1, xom_redecorated
Lair:1:   layout_cave_pods
Lair:2:   gammafunk_indiana_jones, layout_cave_pods, swamp_mist_pool,
          hellmonk_spider_entry_not_the_bees, nicolae_volcano_entry_lava_flow
Lair:3:   layout_misc_corridors
Lair:4:   layout_cave_pods, slime_entry_1
Lair:5:   evil_forest, layout_gridlike, infiniplex_staircase_pool
Swamp:1:  layout_basic_swamp, portal_ice_cave_entry_dragon,
          evilmike_swamp_ruin_house_4, swamp_pool3
Swamp:2:  nicolae_swamp_secret_spriggan_hideout, layout_basic_swamp,
          evilmike_swamp_ruin_house_5, swamp_pool1, nicolae_swamp_fairy_circle
Swamp:3:  layout_basic_swamp, nicolae_swamp_some_circles, uniq_mara,
          uniq_bai_suzhen
Orc:1:    layout_diamond_mine, basic_altar, trog_butcher_becter
Orc:2:    st_orc_open, layout_diamond_mine, uniq_josephine, uniq_sonja,
          uniq_maurice

Skill      XL: |  1  2  3  4  5  6  7  8  9 10 11 12 13 14 15 16 17 |
---------------+----------------------------------------------------+-----
Axes           | 4 6 7 8 10 12 14 16 17 18 19 20 | 20.0
Fighting       | 4 5 6 7 8 9 12 13 16 17 18 20 | 20.0
Armour         | 3 4 5 8 9 12 14 16 | 16.3
Dodging        | 3 4 5 7 8 10 | 10.4
Stealth        | 1 2 4 7 8 |  8.0
Throwing       | 2 4 7 8 |  8.0
Ranged Weapons | 3 4 5 |  5.1
Evocations     | 4 6 8 |  8.0

Action                     |  1- 3 |  4- 6 |  7- 9 | 10-12 | 13-15 | 16-18 || total
---------------------------+-------+-------+-------+-------+-------+-------++-------
  Melee: Hand axe          |    95 |   140 |   228 |   517 |       |       ||   980
         Headbutt          |     9 |    13 |    43 |   132 |   151 |   119 ||   467
         Punch             |       |     1 |     3 |     8 |       |       ||    12
         Executioner's axe |       |       |       |       |   616 |   313 ||   929
         Battleaxe         |       |       |       |       |       |   143 ||   143
   Fire: Sling             |       |    27 |    20 |       |       |       ||    47
         Orcbow            |       |       |    51 |   103 |   162 |       ||   316
         Shortbow          |       |       |       |       |    28 |     2 ||    30
         Longbow           |       |       |       |       |       |    13 ||    13
  Throw: Dart              |     2 |       |     6 |    15 |     4 |       ||    27
         Boomerang         |     1 |       |       |       |       |     4 ||     5
         Javelin           |       |       |       |       |       |     2 ||     2
 Invoke: Trog's Hand       |       |     1 |     1 |     5 |     2 |     5 ||    14
         Berserk           |       |       |     1 |     6 |     1 |     2 ||    10
         Brothers in Arms  |       |       |       |     1 |       |       ||     1
  Evoke: Wand              |       |       |       |     5 |       |     2 ||     7
         Box of beasts     |       |       |       |       |       |     1 ||     1
    Use: Scroll            |       |       |     8 |     1 |     3 |     5 ||    17
         Potion            |       |       |       |     1 |     1 |     1 ||     3
   Stab: Invisible         |     1 |       |       |       |       |     1 ||     2
         Sleeping          |       |       |       |       |     4 |     2 ||     6
         Distracted        |       |       |       |       |     1 |     1 ||     2
 Armour: Ring mail         |    29 |    57 |    87 |   105 |   297 |   133 ||   708
         Skin              |       |       |     9 |       |       |       ||     9
         Chain mail        |       |       |       |    44 |       |    44 ||    88
         Scale mail        |       |       |       |     9 |       |       ||     9
  Dodge: Dodged            |    62 |    56 |   111 |   263 |   474 |   372 ||  1338

Table legend: (Time is in decaauts)
 A = Elapsed time spent in this place.
 B = Non-inter-level travel time spent in this place.
 C = Inter-level travel time spent in this place.
 D = Time resting spent in this place.
 E = Time spent auto-exploring this place.
 F = Levels seen in this place.
 G = Mean time per level.
                   A        B        C        D        E       F      G
               +--------+--------+--------+--------+--------+-----+--------+
         Total |  27860 |  25754 |   2106 |    912 |  18178 |  29 |  960.7 |
       Dungeon |  14095 |  12845 |   1250 |      0 |  10002 |  15 |  939.7 |
          Lair |   6619 |   6041 |    578 |    337 |   4127 |   5 | 1323.8 |
         Swamp |   1688 |   1649 |     39 |      5 |   1244 |   3 |  562.7 |
  Orcish Mines |   3139 |   2900 |    239 |    505 |   1740 |   2 | 1569.5 |
         Abyss |    307 |    307 |      0 |      0 |     74 |   1 |  307.0 |
        Bazaar |    179 |    179 |      0 |      0 |     84 |   1 |  179.0 |
      Ice Cave |    971 |    971 |      0 |      0 |    517 |   1 |  971.0 |
       Volcano |    859 |    859 |      0 |     65 |    390 |   1 |  859.0 |
               +--------+--------+--------+--------+--------+-----+--------+

Top non-repeatable levels by time:
  Lair:2: 2012 daAuts
   Orc:1: 1812 daAuts
  Lair:5: 1479 daAuts
     D:7: 1405 daAuts
   Orc:2: 1327 daAuts
  Lair:1: 1280 daAuts
     D:5: 1273 daAuts
     D:8: 1191 daAuts
     D:6: 1165 daAuts
     D:9: 1136 daAuts
    D:15: 1124 daAuts
  Lair:4: 988 daAuts
   IceCv: 971 daAuts
     D:3: 944 daAuts
 Swamp:2: 862 daAuts
